PL
CHICAGO GOLD SOX @ WIZARDING EXPRESS
06/29/2030
 
TOP OF THE 1ST
Chicago Gold Sox batting - Pitching for Wizarding Express : RHP Kenny Koehler
Pitching: RHP Kenny Koehler
Batting: LHB Sergio Rodríguez 0-0: SINGLE (Flyball, 89S)
Batting: LHB Ricardo Collazo 0-0: Ball
1-0: Ball
2-0: Foul Ball, location: 2F
2-1: Fielders Choice at 2nd, 4-6 (Groundball, 4)
Batting: LHB Noel Ballard 0-0: Called Strike
0-1: Ball
1-1: Ball
2-1: Foul Ball, location: 2F
2-2: Foul Ball, location: 2F
2-2: Ball
Ricardo Collazo steals 2nd base
3-2: Foul Ball, location: 2F
3-2: Foul Ball, location: 2F
3-2: Base on Balls
Batting: SHB Lupo Cotto 0-0: Ball
1-0: Called Strike
1-1: Called Strike
1-2: Ball
2-2: Fly out, F9 (Flyball, 9LS)
Batting: LHB Dewitt Hopper 0-0: Ball
1-0: SINGLE (Line Drive, 4D)
Ricardo Collazo to third
Noel Ballard to second
Batting: RHB Manuel Guillama 0-0: Called Strike
0-1: Foul Ball, location: 2F
0-2: GRAND SLAM HOME RUN (Flyball, 7LD), Distance : 320 ft
Batting: RHB Jay Hood 0-0: Fly out, F9 (Flyball, 9)
Top of the 1st over - 4 runs, 3 hits, 0 errors, 0 left on base; Chicago 4 - Wizarding 0
BOTTOM OF THE 1ST
Wizarding Express batting - Pitching for Chicago Gold Sox : RHP Ernest Hawks
Pitching: RHP Ernest Hawks
Batting: LHB David Breitling 0-0: Called Strike
0-1: Ball
1-1: Swinging Strike
1-2: Strikes out swinging
Batting: LHB José Corona 0-0: SOLO HOME RUN (Flyball, 9D), Distance : 339 ft
Batting: RHB António Martínez 0-0: Ball
1-0: Ball
2-0: Ball
3-0: Fly out, F8 (Flyball, 8RXD)
Batting: LHB Nathan Tanner 0-0: Called Strike
0-1: Ball
1-1: Ball
2-1: Foul Ball, location: 2F
2-2: Ball
3-2: Ground out 5-3 (Groundball, 5L)
Bottom of the 1st over - 1 run, 1 hit, 0 errors, 0 left on base; Chicago 4 - Wizarding 1
TOP OF THE 2ND
Chicago Gold Sox batting - Pitching for Wizarding Express : RHP Kenny Koehler
Batting: LHB Naohiro Sakai 0-0: Ball
1-0: Ball
2-0: SINGLE (Groundball, 4MD)
Batting: RHB Zeus Preckwinkle 0-0: Called Strike
0-1: Ball
1-1: Foul Ball, location: 2F
1-2: SINGLE (Groundball, 5L) (infield hit)
Naohiro Sakai to second
Batting: LHB Sergio Rodríguez 0-0: Called Strike
0-1: Foul Ball, location: 2F
0-2: Foul Ball, location: 2F
0-2: Ball
1-2: Ball
2-2: Ball
3-2: Fly out, F8 (Flyball, 8RD)
Runner from 2nd tags up, OUT at 3rd
Batting: LHB Ricardo Collazo 0-0: Called Strike
0-1: Foul Ball, location: 2F
0-2: Ball
1-2: Foul Ball, location: 2F
1-2: 2-RUN HOME RUN (Flyball, 9D), Distance : 363 ft
Batting: LHB Noel Ballard 0-0: Swinging Strike
0-1: SINGLE (Line Drive, 8LS)
Batting: SHB Lupo Cotto 0-0: Called Strike
0-1: Fly out, F7 (Flyball, 7S)
Top of the 2nd over - 2 runs, 4 hits, 0 errors, 1 left on base; Chicago 6 - Wizarding 1
BOTTOM OF THE 2ND
Wizarding Express batting - Pitching for Chicago Gold Sox : RHP Ernest Hawks
Batting: SHB Salvador Trevino 0-0: Fly out, F6 (Line Drive, 6)
Batting: SHB Fernando Sánchez 0-0: Swinging Strike
0-1: Swinging Strike
0-2: Ball
1-2: Foul Ball, location: 2F
1-2: Foul Ball, location: 2F
1-2: Ball
2-2: Strikes out swinging
Batting: RHB Ralph Cranford 0-0: Ball
1-0: Foul Ball, location: 2F
1-1: Ground out 5-3 (Groundball, 56S)
Bottom of the 2nd over - 0 runs, 0 hits, 0 errors, 0 left on base; Chicago 6 - Wizarding 1
TOP OF THE 3RD
Chicago Gold Sox batting - Pitching for Wizarding Express : RHP Kenny Koehler
Batting: LHB Dewitt Hopper 0-0: Ball
1-0: Called Strike
1-1: Ball
2-1: Ball
3-1: Called Strike
3-2: Base on Balls
Batting: RHB Manuel Guillama 0-0: Ball
1-0: Foul Ball, location: 2F
1-1: Fly out, F7 (Flyball, 7)
Batting: RHB Jay Hood 0-0: Called Strike
0-1: Foul Ball, location: 2F
0-2: DOUBLE (Flyball, 89D)
Dewitt Hopper to third
Batting: LHB Naohiro Sakai 0-0: Called Strike
0-1: Ground out U3 (Groundball, 3)
Batting: RHB Zeus Preckwinkle 0-0: Ball
1-0: DOUBLE (Line Drive, 7LS)
Dewitt Hopper scores
Jay Hood scores
Batting: LHB Sergio Rodríguez 0-0: Ball
1-0: Ball
2-0: Ball
3-0: Called Strike
3-1: Foul Ball, location: 2F
3-2: Ground out 4-3 (Groundball, 4M)
Top of the 3rd over - 2 runs, 2 hits, 0 errors, 1 left on base; Chicago 8 - Wizarding 1
BOTTOM OF THE 3RD
Wizarding Express batting - Pitching for Chicago Gold Sox : RHP Ernest Hawks
Batting: RHB Frank Grimes 0-0: Fly out, F7 (Flyball, 7)
Batting: SHB Jake Richardson 0-0: SOLO HOME RUN (Flyball, 9LD), Distance : 324 ft
Batting: LHB David Breitling 0-0: Called Strike
0-1: Swinging Strike
0-2: Ball
1-2: Foul Ball, location: 2F
1-2: Strikes out swinging
Batting: LHB José Corona 0-0: SINGLE (Groundball, 34D)
Batting: RHB António Martínez 0-0: Ball
1-0: Foul Ball, location: 2F
1-1: Ball
2-1: Ball
3-1: Base on Balls
José Corona to second
Batting: LHB Nathan Tanner 0-0: Ball
1-0: Ball
2-0: Called Strike
2-1: Foul Ball, location: 2F
2-2: SINGLE (Line Drive, 6M)
José Corona to third
António Martínez to second
Batting: SHB Salvador Trevino 0-0: Ball
1-0: DOUBLE (Flyball, 89XD)
José Corona scores
António Martínez scores
Nathan Tanner to third
Runner from 3rd tries for Home, SAFE, throw made at trailing runner, OUT at third!
Bottom of the 3rd over - 4 runs, 4 hits, 0 errors, 0 left on base; Chicago 8 - Wizarding 5
TOP OF THE 4TH
Chicago Gold Sox batting - Pitching for Wizarding Express : RHP Kenny Koehler
Batting: LHB Ricardo Collazo 0-0: Called Strike
0-1: Swinging Strike
0-2: Strikes out swinging
Batting: LHB Noel Ballard 0-0: Foul Ball, location: 2F
0-1: Fly out, F8 (Line Drive, 78M)
Batting: SHB Lupo Cotto 0-0: Ball
1-0: Called Strike
1-1: Ground out 3-1 (Groundball, 34)
Top of the 4th over - 0 runs, 0 hits, 0 errors, 0 left on base; Chicago 8 - Wizarding 5
BOTTOM OF THE 4TH
Wizarding Express batting - Pitching for Chicago Gold Sox : RHP Ernest Hawks
Batting: SHB Fernando Sánchez 0-0: Ball
1-0: Ground out 3-1 (Groundball, 34S)
Batting: RHB Ralph Cranford 0-0: Ball
1-0: Ball
2-0: Ball
3-0: Base on Balls
Batting: RHB Frank Grimes 0-0: Called Strike
0-1: Ball
1-1: Ball
2-1: Ball
3-1: Called Strike
3-2: Fly out, F4 (Popup, 34D)
Batting: SHB Jake Richardson 0-0: Called Strike
0-1: Ball
1-1: Ball
Ralph Cranford steals 2nd base
2-1: Ball
3-1: Base on Balls
Batting: LHB David Breitling 0-0: Ball
1-0: Ball
2-0: Ball
3-0: Base on Balls
Ralph Cranford to third
Jake Richardson to second
Batting: LHB José Corona 0-0: Called Strike
0-1: Ball
1-1: Ball
2-1: Ball
3-1: Base on Balls
Ralph Cranford scores
Jake Richardson to third
David Breitling to second
Pitching: RHP Tom McKee
Batting: RHB António Martínez 0-0: Called Strike
0-1: Fielders Choice at 2nd, 5-4 (Groundball, 56)
Bottom of the 4th over - 1 run, 0 hits, 0 errors, 3 left on base; Chicago 8 - Wizarding 6
TOP OF THE 5TH
Chicago Gold Sox batting - Pitching for Wizarding Express : RHP Kenny Koehler
Batting: LHB Dewitt Hopper 0-0: Ball
1-0: Called Strike
1-1: Foul Ball, location: 2F
1-2: Foul Ball, location: 2F
1-2: Strikes out swinging
Batting: RHB Manuel Guillama 0-0: Swinging Strike
0-1: Ball
1-1: Ball
2-1: Ball
3-1: Base on Balls
Pitching: LHP Octávio Ríos
Batting: RHB Jay Hood 0-0: Called Strike
0-1: Ball
1-1: Reached on error, E3 (Groundball, 34)
Manuel Guillama to second
Batting: LHB Naohiro Sakai 0-0: Ball
1-0: Foul Ball, location: 2F
1-1: Ball
2-1: Foul Ball, location: 2F
2-2: SINGLE (Groundball, 34D)
Manuel Guillama to third
Jay Hood to second
Runner from 3rd tries for Home, SAFE, no throw
Batting: RHB Zeus Preckwinkle 0-0: Fly out, F7 (Flyball, 7LMF)
Batting: LHB Sergio Rodríguez 0-0: Called Strike
0-1: Foul Ball, location: 2F
0-2: Strikes out swinging
Top of the 5th over - 1 run, 1 hit, 1 error, 2 left on base; Chicago 9 - Wizarding 6
BOTTOM OF THE 5TH
Wizarding Express batting - Pitching for Chicago Gold Sox : RHP Tom McKee
Batting: LHB Nathan Tanner 0-0: Ground out 6-3 (Groundball, 6)
Batting: SHB Salvador Trevino 0-0: Called Strike
0-1: Ball
1-1: Foul Ball, location: 2F
1-2: Foul Ball, location: 2F
1-2: SOLO HOME RUN (Flyball, 7LD), Distance : 326 ft
Batting: SHB Fernando Sánchez 0-0: Called Strike
0-1: Ball
1-1: Ball
2-1: Ball
3-1: Swinging Strike
3-2: Strikes out swinging
Batting: RHB Ralph Cranford 0-0: Called Strike
0-1: Ground out 5-3 (Groundball, 56S)
Bottom of the 5th over - 1 run, 1 hit, 0 errors, 0 left on base; Chicago 9 - Wizarding 7
TOP OF THE 6TH
Chicago Gold Sox batting - Pitching for Wizarding Express : LHP Octávio Ríos
Batting: LHB Ricardo Collazo 0-0: Ball
1-0: Foul Ball, location: 2F
1-1: Foul Ball, location: 2F
1-2: Ball
2-2: Ball
3-2: Base on Balls
Batting: LHB Noel Ballard 0-0: Ball
1-0: Ball
2-0: Ball
3-0: Called Strike
3-1: Base on Balls
Ricardo Collazo to second
Batting: SHB Lupo Cotto 0-0: Called Strike
0-1: Ball
1-1: Foul Ball, location: 2F
1-2: Strikes out swinging
Batting: LHB Dewitt Hopper 0-0: SINGLE (Line Drive, 34D)
Ricardo Collazo to third
Noel Ballard to second
Batting: RHB Manuel Guillama 0-0: SINGLE (Flyball, 7LS)
Ricardo Collazo scores
Noel Ballard to third
Dewitt Hopper to second
Runner from 3rd tries for Home, SAFE, throw made home
Pitching: RHP Juan Cantú
Batting: RHB Jay Hood 0-0: Ball
1-0: DOUBLE (Line Drive, 7LM)
Dewitt Hopper scores
Manuel Guillama to third
Batting: LHB Naohiro Sakai 0-0: Ball
1-0: Ball
2-0: Foul Ball, location: 2F
2-1: Called Strike
2-2: Foul Ball, location: 2F
2-2: Ball
3-2: Foul Ball, location: 2F
3-2: SINGLE (Groundball, 34)
Manuel Guillama scores
Jay Hood to third
Runner from 3rd tries for Home, SAFE, no throw
Batting: RHB Zeus Preckwinkle 0-0: Ball
Naohiro Sakai steals 2nd base
1-0: Ball
2-0: Foul Ball, location: 2F
2-1: SINGLE (Line Drive, 6M)
Naohiro Sakai to third
Runner from 3rd tries for Home, SAFE, no throw
Batting: LHB Sergio Rodríguez Pickoff Throw to First - Error! E1
Zeus Preckwinkle to second
0-0: Called Strike
0-1: Ball
1-1: Swinging Strike
1-2: Fly out, F8 (Flyball, 8LD)
Batting: LHB Ricardo Collazo 0-0: Ball
1-0: Foul Ball, location: 2F
1-1: Ball
2-1: Ball
3-1: Foul Ball, location: 2F
3-2: Base on Balls
Batting: LHB Noel Ballard 0-0: Ball
1-0: Foul Ball, location: 2F
1-1: Foul Ball, location: 2F
1-2: Strikes out swinging
Top of the 6th over - 6 runs, 5 hits, 1 error, 2 left on base; Chicago 15 - Wizarding 7
BOTTOM OF THE 6TH
Wizarding Express batting - Pitching for Chicago Gold Sox : RHP Tom McKee
Batting: RHB Frank Grimes 0-0: Called Strike
0-1: Ball
1-1: Ball
2-1: Foul Ball, location: 2F
2-2: Strikes out swinging
Batting: SHB Jake Richardson 0-0: Fly out, F7 (Flyball, 7S)
Batting: LHB David Breitling 0-0: Called Strike
0-1: Foul Ball, location: 2F
0-2: Ground out 6-3 (Groundball, 6)
Bottom of the 6th over - 0 runs, 0 hits, 0 errors, 0 left on base; Chicago 15 - Wizarding 7
TOP OF THE 7TH
Chicago Gold Sox batting - Pitching for Wizarding Express : RHP Juan Cantú
Batting: SHB Lupo Cotto 0-0: SINGLE (Groundball, 3D)
Batting: LHB Dewitt Hopper 0-0: Swinging Strike
0-1: Called Strike
0-2: Strikes out swinging
Batting: RHB Manuel Guillama 0-0: Ball
1-0: SINGLE (Groundball, 5D)
Lupo Cotto to second
Batting: RHB Jay Hood 0-0: Ball
1-0: Ball
2-0: Ball
3-0: Called Strike
3-1: Foul Ball, location: 2F
3-2: Base on Balls
Lupo Cotto to third
Manuel Guillama to second
Batting: LHB Naohiro Sakai 0-0: Ball
1-0: Called Strike
1-1: Grounds into double play, 5-4-3 (Groundball, 5)
Top of the 7th over - 0 runs, 2 hits, 0 errors, 2 left on base; Chicago 15 - Wizarding 7
BOTTOM OF THE 7TH
Wizarding Express batting - Pitching for Chicago Gold Sox : RHP Tom McKee
Batting: LHB José Corona 0-0: Called Strike
0-1: Ball
1-1: Ball
2-1: Foul Ball, location: 2F
2-2: SINGLE (Groundball, 4MD)
Batting: RHB António Martínez 0-0: Called Strike
0-1: Ball
1-1: Foul Ball, location: 2F
1-2: Ball
2-2: Ball
3-2: Foul Ball, location: 2F
3-2: Fly out, F3 (Line Drive, 3)
Batting: LHB Nathan Tanner 0-0: Ball
Wild Pitch!
José Corona to second
1-0: DOUBLE (Groundball, 5L)
José Corona scores
Batting: SHB Salvador Trevino 0-0: Ball
1-0: Ball
2-0: Ball
3-0: Called Strike
3-1: 2-RUN HOME RUN (Flyball, 7D), Distance : 367 ft
Pitching: RHP Rob Rocha
Batting: SHB Fernando Sánchez 0-0: Foul Ball, location: 2F
0-1: Foul Ball, location: 2F
0-2: Ball
1-2: Foul Ball, location: 2F
1-2: Ball
2-2: Foul Ball, location: 2F
2-2: SOLO HOME RUN (Flyball, 9LD), Distance : 323 ft
Batting: RHB Ralph Cranford 0-0: Called Strike
0-1: Ball
1-1: Ball
2-1: Ball
3-1: Base on Balls
Batting: RHB Frank Grimes 0-0: Called Strike
0-1: Foul Ball, location: 2F
0-2: SINGLE (Groundball, 56D)
Ralph Cranford to second
Batting: SHB Jake Richardson 0-0: Ball
Throwing error on steal attempt, E2
Ralph Cranford scores
Frank Grimes to third
1-0: Called Strike
1-1: Called Strike
1-2: Ball
2-2: Ball
3-2: Strikes out swinging
Batting: LHB David Breitling 0-0: Called Strike
0-1: Ball
1-1: Swinging Strike
1-2: Foul Ball, location: 2F
1-2: Strikes out swinging
Bottom of the 7th over - 5 runs, 5 hits, 1 error, 1 left on base; Chicago 15 - Wizarding 12
TOP OF THE 8TH
Chicago Gold Sox batting - Pitching for Wizarding Express : RHP Juan Cantú
Pitching: RHP Biff Tannen
Batting: RHB Zeus Preckwinkle 0-0: Ball
1-0: Ball
2-0: Ball
3-0: Called Strike
3-1: Called Strike
3-2: Foul Ball, location: 2F
3-2: Ground out 6-3 (Groundball, 6)
Batting: LHB Sergio Rodríguez 0-0: Ball
1-0: SINGLE (Groundball, 34D)
Batting: LHB Ricardo Collazo 0-0: Foul Ball, location: 2F
0-1: Ball
1-1: Ball
2-1: Ball
3-1: Base on Balls
Sergio Rodríguez to second
Batting: LHB Noel Ballard 0-0: Fly out, F8 (Flyball, 8RM)
Batting: SHB Lupo Cotto 0-0: Ball
1-0: Fly out, F9 (Flyball, 9LSF)
Top of the 8th over - 0 runs, 1 hit, 0 errors, 2 left on base; Chicago 15 - Wizarding 12
BOTTOM OF THE 8TH
Wizarding Express batting - Pitching for Chicago Gold Sox : RHP Rob Rocha
Batting: LHB José Corona 0-0: Ground out U3 (Groundball, 3)
Batting: RHB António Martínez 0-0: Ball
1-0: Ball
2-0: Foul Ball, location: 2F
2-1: Called Strike
2-2: Foul Ball, location: 2F
2-2: Ball
3-2: Foul Ball, location: 2F
3-2: Foul Ball, location: 2F
3-2: Foul Ball, location: 2F
3-2: Base on Balls
Batting: LHB Nathan Tanner 0-0: Swinging Strike
0-1: Ball
Pickoff Throw by Catcher to First - Error! E2
António Martínez to second
1-1: Called Strike
1-2: Ball
2-2: Strikes out looking
Batting: SHB Salvador Trevino 0-0: Called Strike
0-1: Ball
1-1: Foul Ball, location: 2F
1-2: Foul Ball, location: 2F
1-2: SINGLE (Flyball, 7LS)
António Martínez to third
Runner from 3rd tries for Home, SAFE, throw made home
Batting: SHB Fernando Sánchez 0-0: Called Strike
0-1: Ball
1-1: Ball
2-1: Ball
3-1: Foul Ball, location: 2F
3-2: Base on Balls
Salvador Trevino to second
Pitching: LHP Dan Crowder
Batting: RHB Ralph Cranford 0-0: Called Strike
0-1: Swinging Strike
0-2: Ball
1-2: Strikes out swinging
Bottom of the 8th over - 1 run, 1 hit, 1 error, 2 left on base; Chicago 15 - Wizarding 13
TOP OF THE 9TH
Chicago Gold Sox batting - Pitching for Wizarding Express : RHP Biff Tannen
Batting: LHB Dewitt Hopper 0-0: Ball
1-0: Ball
2-0: Ball
3-0: Base on Balls
Batting: RHB Manuel Guillama 0-0: Called Strike
0-1: Ball
1-1: Foul Ball, location: 2F
1-2: Ball
2-2: Foul Ball, location: 2F
2-2: Foul Ball, location: 2F
2-2: Fly out, F7 (Line Drive, 7)
Batting: RHB Jay Hood 0-0: Called Strike
0-1: Fielders Choice at 2nd, 3-6 (Groundball, 3)
Batting: LHB Naohiro Sakai 0-0: Ball
1-0: Called Strike
1-1: Foul Ball, location: 2F
1-2: Ground out 4-3 (Groundball, 4D)
Top of the 9th over - 0 runs, 0 hits, 0 errors, 1 left on base; Chicago 15 - Wizarding 13
BOTTOM OF THE 9TH
Wizarding Express batting - Pitching for Chicago Gold Sox : LHP Dan Crowder
Batting: RHB Frank Grimes 0-0: Foul Ball, location: 2F
0-1: SINGLE (Groundball, 4S) (infield hit)
Batting: SHB Jake Richardson 0-0: Ball
1-0: Foul Ball, location: 2F
1-1: Ball
2-1: Ball
3-1: Foul Ball, location: 2F
3-2: Foul Ball, location: 2F
3-2: Fly out, F9 (Flyball, 89D)
Batting: LHB David Breitling 0-0: Ball
1-0: Swinging Strike
1-1: Ball
Wild Pitch!
Frank Grimes to second
2-1: Ball
3-1: SINGLE (Groundball, 34S) (infield hit)
Frank Grimes to third
Batting: LHB José Corona 0-0: Called Strike
0-1: Ball
1-1: Ball
Wild Pitch!
Frank Grimes scores
David Breitling to second
2-1: Foul Ball, location: 2F
2-2: Ball
3-2: Ground out 6-3 (Groundball, 6)
Batting: RHB António Martínez 0-0: Ball
1-0: Ball
2-0: Called Strike
2-1: Foul Ball, location: 2F
2-2: Ball
3-2: Foul Ball, location: 2F
3-2: Foul Ball, location: 2F
3-2: Base on Balls
Batting: LHB Nathan Tanner 0-0: Ball
1-0: Ball
2-0: Called Strike
2-1: Ball
3-1: Ground out 4-3 (Groundball, 4)
Bottom of the 9th over - 1 run, 2 hits, 0 errors, 2 left on base; Chicago 15 - Wizarding 14
Sunday, March 18th, 2018 - OOTP Baseball 18.8 Build 76